SKY
PHILADELPHIA PHILLIES @ MILWAUKEE BREWERS
08/26/2051
 
TOP OF THE 1ST
Philadelphia Phillies batting - Pitching for Milwaukee Brewers : LHP Gerardo Hernández
Pitching: LHP Gerardo Hernández
Batting: LHB Noah Powell 0-0: Called Strike
0-1: Foul Ball, location: 3FF
0-2: Ball
1-2: Foul Ball, location: 23FF
1-2: Ball
2-2: Ground out U3 (Groundball, 3S, EV 89.4 MPH)
Batting: RHB Liam Lyons 0-0: Ball
1-0: Called Strike
1-1: Ball
2-1: Ground out 1-3 (Groundball, 34S, EV 69.4 MPH)
Batting: LHB Monte Baker 0-0: Ball
1-0: Ball
2-0: Ball
3-0: Base on Balls
Batting: RHB Tyler McCaughey 0-0: Fielders Choice at 2nd, 5-4 (Groundball, 5, EV 89.4 MPH)
Top of the 1st over - 0 runs, 0 hits, 0 errors, 1 left on base; Philadelphia 0 - Milwaukee 0
BOTTOM OF THE 1ST
Milwaukee Brewers batting - Pitching for Philadelphia Phillies : RHP Lucas Ehrhardt
Pitching: RHP Lucas Ehrhardt
Batting: LHB Joshua Ragsdale 0-0: Ball
1-0: SINGLE (Line Drive, 78S, EV 110.0 MPH)
Batting: LHB Yandy Zamano 0-0: Ball
1-0: Ball
2-0: SINGLE (Line Drive, 8RS, EV 93.1 MPH)
Joshua Ragsdale to second
Runner from 2nd tries for 3rd, OUT! 8-5
Batting: RHB Lucas Asher 0-0: Ball
1-0: Called Strike
Yandy Zamano steals 2nd base
1-1: Called Strike
1-2: Fly out, F7 (Flyball, 7, EV 93.1 MPH)
Batting: RHB Clemente Simpson 0-0: Foul Ball, location: 2F
0-1: Ball
1-1: Fly out, F8 (Flyball, 8LD, EV 83.8 MPH)
Bottom of the 1st over - 0 runs, 2 hits, 0 errors, 1 left on base; Philadelphia 0 - Milwaukee 0
TOP OF THE 2ND
Philadelphia Phillies batting - Pitching for Milwaukee Brewers : LHP Gerardo Hernández
Batting: RHB Marty Booz 0-0: Ball
1-0: Swinging Strike
1-1: Ball
2-1: Called Strike
2-2: Ball
3-2: Strikes out swinging
Batting: LHB Colt Agner 0-0: Ground out 6-3 (Groundball, 6, EV 101.9 MPH)
Batting: RHB Kayden Rainwater 0-0: Ball
1-0: Foul Ball, location: 2F
1-1: Ball
2-1: Ball
3-1: Base on Balls
Batting: RHB Kyle Negulescu 0-0: Foul Ball, location: 2F
0-1: Ball
1-1: Called Strike
1-2: Foul Ball, location: 7LMF
1-2: Strikes out swinging
Top of the 2nd over - 0 runs, 0 hits, 0 errors, 1 left on base; Philadelphia 0 - Milwaukee 0
BOTTOM OF THE 2ND
Milwaukee Brewers batting - Pitching for Philadelphia Phillies : RHP Lucas Ehrhardt
Batting: RHB Nick Hodge 0-0: Ground out 6-3 (Groundball, 56D, EV 103.8 MPH)
Batting: RHB Christopher Cazares 0-0: Called Strike
0-1: Ball
1-1: Foul Ball, location: 9LSF
1-2: Ball
2-2: Strikes out swinging
Batting: SHB Darling Conkle 0-0: SINGLE (Line Drive, 9S, EV 93.1 MPH)
Batting: RHB Evan Parker 0-0: Ball
1-0: Fly out, F9 (Flyball, 9D, EV 81.3 MPH)
Bottom of the 2nd over - 0 runs, 1 hit, 0 errors, 1 left on base; Philadelphia 0 - Milwaukee 0
TOP OF THE 3RD
Philadelphia Phillies batting - Pitching for Milwaukee Brewers : LHP Gerardo Hernández
Batting: SHB Billy Arnholt 0-0: Called Strike
0-1: Called Strike
0-2: Strikes out swinging
Batting: LHB Noah Powell 0-0: Fly out, F5 (Popup, 5S, EV 83.1 MPH)
Batting: RHB Liam Lyons 0-0: Called Strike
0-1: Ball
1-1: Foul Ball, location: 5F
1-2: Foul Ball, location: 5SF
1-2: Ball
2-2: Ball
3-2: Ground out 5-3 (Groundball, 5S, EV 68.1 MPH)
Top of the 3rd over - 0 runs, 0 hits, 0 errors, 0 left on base; Philadelphia 0 - Milwaukee 0
BOTTOM OF THE 3RD
Milwaukee Brewers batting - Pitching for Philadelphia Phillies : RHP Lucas Ehrhardt
Batting: RHB Dan Martinez 0-0: Foul Ball, location: 9LMF
0-1: Foul Ball, location: 2F
0-2: Strikes out swinging
Batting: LHB Joshua Ragsdale 0-0: Ball
1-0: Called Strike
1-1: Ball
2-1: Fly out, F7 (Flyball, 7, EV 93.1 MPH)
Batting: LHB Yandy Zamano 0-0: Ball
1-0: Ball
2-0: SINGLE (Line Drive, 3L, EV 105.6 MPH)
Batting: RHB Lucas Asher 0-0: Called Strike
0-1: Foul Ball, location: 7LMF
0-2: Ball
Yandy Zamano is caught stealing 2nd base 2-4
Bottom of the 3rd over - 0 runs, 1 hit, 0 errors, 0 left on base; Philadelphia 0 - Milwaukee 0
TOP OF THE 4TH
Philadelphia Phillies batting - Pitching for Milwaukee Brewers : LHP Gerardo Hernández
Batting: LHB Monte Baker 0-0: DOUBLE (Line Drive, 8RXD, EV 108.1 MPH)
Batting: RHB Tyler McCaughey 0-0: Ball
Monte Baker steals 3rd base
1-0: Called Strike
1-1: Ball
2-1: Foul Ball, location: 9LMF
2-2: Ball
3-2: Foul Ball, location: 9LSF
3-2: SINGLE (Line Drive, 4M, EV 101.3 MPH)
Monte Baker scores
Batting: RHB Marty Booz 0-0: Called Strike
0-1: Ball
1-1: Swinging Strike
1-2: Foul Ball, location: 5F
1-2: Hit by Pitch
Tyler McCaughey to second
Batting: LHB Colt Agner 0-0: Ball
1-0: Ball
2-0: Fly out, F8 (Flyball, 8RM, EV 92.5 MPH)
Batting: RHB Kayden Rainwater 0-0: Ball
1-0: Ground out 5-3 (Groundball, 56S, EV 63.1 MPH)
Tyler McCaughey to third
Marty Booz to second
Batting: RHB Kyle Negulescu 0-0: Called Strike
0-1: Swinging Strike
0-2: Ball
1-2: Strikes out swinging
Top of the 4th over - 1 run, 2 hits, 0 errors, 2 left on base; Philadelphia 1 - Milwaukee 0
BOTTOM OF THE 4TH
Milwaukee Brewers batting - Pitching for Philadelphia Phillies : RHP Lucas Ehrhardt
Batting: RHB Lucas Asher 0-0: Ground out 6-3 (Groundball, 6, EV 90.6 MPH)
Batting: RHB Clemente Simpson 0-0: Called Strike
0-1: Fly out, F9 (Flyball, 9S, EV 76.3 MPH)
Batting: RHB Nick Hodge 0-0: Called Strike
0-1: Ball
1-1: Foul Ball, location: 3F
1-2: Ball
2-2: Fly out, F8 (Flyball, 8LM, EV 93.8 MPH)
Bottom of the 4th over - 0 runs, 0 hits, 0 errors, 0 left on base; Philadelphia 1 - Milwaukee 0
TOP OF THE 5TH
Philadelphia Phillies batting - Pitching for Milwaukee Brewers : LHP Gerardo Hernández
Batting: SHB Billy Arnholt 0-0: Swinging Strike
0-1: Called Strike
0-2: Foul Ball, location: 3F
0-2: Foul Ball, location: 2F
0-2: Strikes out swinging
Batting: LHB Noah Powell 0-0: Swinging Strike
0-1: Called Strike
0-2: Strikes out swinging, 2-3 out at first.
Batting: RHB Liam Lyons 0-0: Called Strike
0-1: Called Strike
0-2: Ball
1-2: Ball
2-2: Ball
3-2: Foul Ball, location: 5FF
3-2: Foul Ball, location: 5FF
3-2: Foul Ball, location: 2F
3-2: Strikes out swinging
Top of the 5th over - 0 runs, 0 hits, 0 errors, 0 left on base; Philadelphia 1 - Milwaukee 0
BOTTOM OF THE 5TH
Milwaukee Brewers batting - Pitching for Philadelphia Phillies : RHP Lucas Ehrhardt
Batting: RHB Christopher Cazares 0-0: Foul Ball, location: 5F
0-1: Ball
1-1: Ball
2-1: Ball
3-1: Foul Ball, location: 2F
3-2: Fly out, F9 (Line Drive, 9, EV 101.3 MPH)
Batting: SHB Darling Conkle 0-0: Ball
1-0: Foul Ball, location: 2F
1-1: Ball
2-1: Swinging Strike
2-2: Strikes out swinging
Batting: RHB Evan Parker 0-0: Called Strike
0-1: SINGLE (Line Drive, 4MD, EV 100.6 MPH)
Batting: RHB Dan Martinez 0-0: Fly out, F8 (Flyball, 8LD, EV 89.4 MPH)
Bottom of the 5th over - 0 runs, 1 hit, 0 errors, 1 left on base; Philadelphia 1 - Milwaukee 0
TOP OF THE 6TH
Philadelphia Phillies batting - Pitching for Milwaukee Brewers : LHP Gerardo Hernández
Batting: LHB Monte Baker 0-0: Called Strike
0-1: Ball
1-1: DOUBLE (Groundball, 3L, EV 98.1 MPH)
Batting: RHB Tyler McCaughey 0-0: Ball
1-0: Called Strike
1-1: Called Strike
1-2: Foul Ball, location: 2F
1-2: Strikes out swinging
Batting: RHB Marty Booz 0-0: Called Strike
0-1: Ball
1-1: Ball
2-1: Foul Ball, location: 9LDF
2-2: Foul Ball, location: 9LSF
2-2: Strikes out swinging
Batting: LHB Colt Agner 0-0: Foul Ball, location: 2F
0-1: Called Strike
0-2: Foul Ball, location: 2F
0-2: Ball
1-2: Ball
2-2: Fly out, F6 (Popup, 6M, EV 61.9 MPH)
Top of the 6th over - 0 runs, 1 hit, 0 errors, 1 left on base; Philadelphia 1 - Milwaukee 0
BOTTOM OF THE 6TH
Milwaukee Brewers batting - Pitching for Philadelphia Phillies : RHP Lucas Ehrhardt
Batting: LHB Joshua Ragsdale 0-0: Called Strike
0-1: Called Strike
0-2: SINGLE (Line Drive, 7S, EV 93.8 MPH)
Batting: LHB Yandy Zamano 0-0: Sac Bunt to 15 - play at first, batter OUT! 1-3
Joshua Ragsdale to second
Batting: RHB Lucas Asher 0-0: Swinging Strike
0-1: Ball
1-1: Called Strike
1-2: Fly out, F4 (Popup, 4D, EV 42.5 MPH)
Batting: RHB Clemente Simpson 0-0: Ball
1-0: TRIPLE (Line Drive, 9LD, EV 101.3 MPH)
Joshua Ragsdale scores
Batting: RHB Nick Hodge 0-0: Ball
1-0: Called Strike
1-1: Swinging Strike
1-2: Strikes out swinging
Bottom of the 6th over - 1 run, 2 hits, 0 errors, 1 left on base; Philadelphia 1 - Milwaukee 1
TOP OF THE 7TH
Philadelphia Phillies batting - Pitching for Milwaukee Brewers : LHP Gerardo Hernández
Batting: RHB Kayden Rainwater 0-0: Called Strike
0-1: Foul Ball, location: 3SF
0-2: Ball
1-2: Ball
2-2: Strikes out looking
Pitching: RHP Hastings Anderson
Batting: RHB Kyle Negulescu 0-0: Ground out 1-3 (Groundball, 15, EV 73.1 MPH)
Batting: SHB Billy Arnholt 0-0: Called Strike
0-1: Ball
1-1: Ball
2-1: Ground out U3 (Groundball, 3, EV 96.9 MPH)
Top of the 7th over - 0 runs, 0 hits, 0 errors, 0 left on base; Philadelphia 1 - Milwaukee 1
BOTTOM OF THE 7TH
Milwaukee Brewers batting - Pitching for Philadelphia Phillies : RHP Lucas Ehrhardt
Batting: RHB Christopher Cazares 0-0: Called Strike
0-1: Ball
1-1: Ball
2-1: Called Strike
2-2: Foul Ball, location: 5FF
2-2: Strikes out swinging
Batting: SHB Darling Conkle 0-0: Called Strike
0-1: Ball
1-1: Ball
2-1: Ball
3-1: Called Strike
3-2: Foul Ball, location: 3FF
3-2: SOLO HOME RUN (Line Drive, 7D, EV 100.0 MPH), Distance : 396 ft
Pitching: RHP Pat Judd
Batting: RHB Evan Parker 0-0: Fly out, F8 (Flyball, 8LM, EV 93.1 MPH)
Batting: RHB Dan Martinez 0-0: Called Strike
0-1: Ball
1-1: Ball
2-1: Ball
3-1: Fly out, F6 (Popup, 6D, EV 55.6 MPH)
Bottom of the 7th over - 1 run, 1 hit, 0 errors, 0 left on base; Philadelphia 1 - Milwaukee 2
TOP OF THE 8TH
Philadelphia Phillies batting - Pitching for Milwaukee Brewers : RHP Hastings Anderson
Now at C: Ricky Moran
Batting: LHB Noah Powell 0-0: Called Strike
0-1: Foul Ball, location: 9LMF
0-2: Ball
1-2: Foul Ball, location: 2F
1-2: Foul Ball, location: 7LMF
1-2: Ball
2-2: SINGLE (Line Drive, 89S, EV 100.0 MPH)
Batting: RHB Liam Lyons 0-0: Called Strike
0-1: Ball
1-1: Ball
Noah Powell steals 2nd base
2-1: Sac Bunt to 15S - play at first, batter OUT! 1-4
Noah Powell to third
Batting: LHB Monte Baker 0-0: Ball
1-0: Ball
2-0: Ball
3-0: Called Strike
3-1: Base on Balls
Batting: RHB Tyler McCaughey 0-0: Fly out, F9 (Flyball, 9, EV 87.5 MPH)
Runner from 3rd tags up, SCORES, throw by RF
Batting: RHB Marty Booz 0-0: Ball
1-0: Ball
Monte Baker steals 2nd base
2-0: Foul Ball, location: 2RF
2-1: Called Strike
2-2: Foul Ball, location: 9LDF
2-2: Foul Ball, location: 9LMF
2-2: Foul Ball, location: 9LMF
2-2: Strikes out looking
Top of the 8th over - 1 run, 1 hit, 0 errors, 1 left on base; Philadelphia 2 - Milwaukee 2
BOTTOM OF THE 8TH
Milwaukee Brewers batting - Pitching for Philadelphia Phillies : RHP Pat Judd
Batting: LHB Joshua Ragsdale 0-0: Ground out U3 (Groundball, 3, EV 82.5 MPH)
Batting: LHB Yandy Zamano 0-0: Foul Ball, location: 2F
0-1: Swinging Strike
0-2: Strikes out looking
Batting: RHB Lucas Asher 0-0: Ball
1-0: Ball
2-0: Ball
3-0: Called Strike
3-1: Foul Ball, location: 9LSF
3-2: Foul Ball, location: 7LSFF
3-2: SINGLE (Line Drive, 78M, EV 89.4 MPH)
Batting: RHB Clemente Simpson 0-0: Called Strike
0-1: Swinging Strike
0-2: Fly out, F1 (Line Drive, P, EV 71.3 MPH)
Bottom of the 8th over - 0 runs, 1 hit, 0 errors, 1 left on base; Philadelphia 2 - Milwaukee 2
TOP OF THE 9TH
Philadelphia Phillies batting - Pitching for Milwaukee Brewers : RHP Hastings Anderson
Pitching: LHP Nat Southerland
Pinch Hitting: RHB Roger Hall 0-0: Ball
1-0: Ball
2-0: Foul Ball, location: 2F
2-1: Ground out 4-3 (Groundball, 6MS, EV 92.5 MPH)
Batting: RHB Kayden Rainwater 0-0: Called Strike
0-1: Called Strike
0-2: Ball
1-2: Ball
2-2: Strikes out swinging
Batting: RHB Kyle Negulescu 0-0: Called Strike
0-1: Swinging Strike
0-2: Ball
1-2: Ball
2-2: Fly out, F7 (Line Drive, 78M, EV 88.8 MPH)
Top of the 9th over - 0 runs, 0 hits, 0 errors, 0 left on base; Philadelphia 2 - Milwaukee 2
BOTTOM OF THE 9TH
Milwaukee Brewers batting - Pitching for Philadelphia Phillies : RHP Pat Judd
Now in RF: Toby Cloud
Batting: RHB Nick Hodge 0-0: Called Strike
0-1: Ball
1-1: Swinging Strike
1-2: Foul Ball, location: 9LSF
1-2: Ball
2-2: Ground out 4-3 (Groundball, 4M, EV 96.3 MPH)
Batting: RHB Christopher Cazares 0-0: Called Strike
0-1: Fly out, F7 (Line Drive, 7S, EV 91.3 MPH)
Batting: SHB Darling Conkle 0-0: Swinging Strike
0-1: Ball
1-1: Called Strike
1-2: Strikes out looking
Bottom of the 9th over - 0 runs, 0 hits, 0 errors, 0 left on base; Philadelphia 2 - Milwaukee 2
TOP OF THE 10TH
Philadelphia Phillies batting - Pitching for Milwaukee Brewers : LHP Nat Southerland
Batting: SHB Billy Arnholt 0-0: Ground out 4-3 (Groundball, 4, EV 83.8 MPH)
Batting: LHB Noah Powell 0-0: Called Strike
0-1: Ground out 3-1 (Groundball, 34, EV 85.6 MPH)
Batting: RHB Liam Lyons 0-0: Ball
1-0: Foul Ball, location: 7LMF
1-1: SINGLE (Line Drive, 78S, EV 106.9 MPH)
Batting: LHB Monte Baker 0-0: Called Strike
0-1: Ball
1-1: Called Strike
1-2: Foul Ball, location: 2F
1-2: SINGLE (Groundball, 4MD, EV 96.3 MPH)
Liam Lyons to second
Runner from 2nd tries for 3rd, SAFE, throw by CF made to third
Batting: RHB Tyler McCaughey 0-0: Foul Ball, location: 2F
0-1: Ball
1-1: Swinging Strike
1-2: Ball
2-2: Strikes out looking
Top of the 10th over - 0 runs, 2 hits, 0 errors, 2 left on base; Philadelphia 2 - Milwaukee 2
BOTTOM OF THE 10TH
Milwaukee Brewers batting - Pitching for Philadelphia Phillies : RHP Pat Judd
Batting: RHB Ricky Moran 0-0: Called Strike
0-1: Ball
1-1: Foul Ball, location: 2F
1-2: Strikes out looking
Pinch Hitting: LHB Virgil Scott 0-0: Ball
1-0: Fly out, F8 (Flyball, 8LM, EV 84.4 MPH)
Batting: LHB Joshua Ragsdale 0-0: Foul Ball, location: 25FF
0-1: Ball
1-1: Foul Ball, location: 2F
1-2: DOUBLE (Line Drive, 7LS, EV 95.6 MPH)
Pitching: LHP Aidan Rodkey
Batting: LHB Yandy Zamano 0-0: Ball
1-0: Ball
2-0: Foul Ball, location: 7LSF
2-1: Ball
3-1: Base on Balls
Batting: RHB Lucas Asher 0-0: Foul Ball, location: 2F
0-1: Foul Ball, location: 9LSF
0-2: Ball
1-2: Ball
2-2: Strikes out swinging
Bottom of the 10th over - 0 runs, 1 hit, 0 errors, 2 left on base; Philadelphia 2 - Milwaukee 2
TOP OF THE 11TH
Philadelphia Phillies batting - Pitching for Milwaukee Brewers : LHP Nat Southerland
Now at SS: Virgil Scott
Batting: RHB Marty Booz 0-0: Ball
1-0: Swinging Strike
1-1: Ball
2-1: SOLO HOME RUN (Flyball, 9D, EV 101.9 MPH), Distance : 389 ft
Batting: RHB Toby Cloud 0-0: Called Strike
0-1: Called Strike
0-2: SINGLE (Groundball, 34D, EV 98.8 MPH)
Batting: RHB Kayden Rainwater 0-0: Ball
1-0: Ball
2-0: Sac Bunt to 2R - play at first, batter OUT! 2-3
Toby Cloud to second
Batting: RHB Kyle Negulescu 0-0: Intentional Walk
Batting: SHB Billy Arnholt 0-0: Called Strike
0-1: Swinging Strike
0-2: Ball
1-2: Fly out, F8 (Flyball, 89M, EV 97.5 MPH)
Batting: LHB Noah Powell 0-0: SINGLE (Groundball, 5S, EV 71.9 MPH) (infield hit)
Toby Cloud to third
Kyle Negulescu to second
Pitching: RHP Jonas Gallick
Batting: RHB Liam Lyons 0-0: Called Strike
0-1: Called Strike
0-2: Ball
1-2: Foul Ball, location: 3F
1-2: Foul Ball, location: 9LDF
1-2: Ball
2-2: Ground out 6-3 (Groundball, 6S, EV 85.6 MPH)
Top of the 11th over - 1 run, 3 hits, 0 errors, 3 left on base; Philadelphia 3 - Milwaukee 2
BOTTOM OF THE 11TH
Milwaukee Brewers batting - Pitching for Philadelphia Phillies : LHP Aidan Rodkey
Pitching: RHP Vincente Proctor
Now at 2B: Kyle Negulescu
Now at 3B: A.J. Herrera
Batting: RHB Clemente Simpson 0-0: Ball
1-0: Ball
2-0: Ball
3-0: Called Strike
3-1: Called Strike
3-2: SINGLE (Groundball, 56D, EV 108.1 MPH)
Batting: RHB Nick Hodge 0-0: Foul Ball, location: 2F
0-1: Swinging Strike
0-2: Foul Ball, location: 7LDF
0-2: Strikes out looking
Batting: RHB Christopher Cazares 0-0: Ball
1-0: Foul Ball, location: 9LMF
1-1: Fly out, F9 (Flyball, 9LS, EV 88.8 MPH)
Batting: SHB Darling Conkle 0-0: Foul Ball, location: 25F
0-1: Ground out 4-3 (Groundball, 4S, EV 68.1 MPH)
Bottom of the 11th over - 0 runs, 1 hit, 0 errors, 1 left on base; Philadelphia 3 - Milwaukee 2
Wednesday, March 27th , 2024 - OOTP Baseball 24.11 Build 85